 Dungeon Crawl Stone Soup version 0.20.0-10-g0535bb4 (console) character file.

68 Gottschkopf the Gusty (level 4, -1/36 HPs)
             Began as a Tengu Air Elementalist on June 6, 2017.
             Slain by an adder (2 damage)
             ... on level 2 of the Dungeon.
             The game lasted 00:05:27 (1416 turns).

Gottschkopf the Gusty (Tengu Air Elementalist)      Turns: 1416, Time: 00:05:28

Health: -1/36      AC:  6    Str: 13    XL:     4   Next: 19%
Magic:  1/11       EV: 12    Int: 16    God:
Gold:   45         SH:  0    Dex: 13    Spells: 8/11 levels left

rFire    . . .     SeeInvis .   k - +1 dagger (drain)
rCold    . . .     Gourm    .   (no shield)
rNeg     . . .     Faith    .   a - +0 robe
rPois    .         Spirit   .   (helmet restricted)
rElec    .         Reflect  .   (no cloak)
rCorr    .         Harm     .   j - +0 pair of gloves
MR       .....                  (boots unavailable)
Stlth    ..........             (no amulet)
Regen    0.2/turn               (no ring)
MPRegen  0.2/turn               (no ring)

@: berserking, lethally poisoned (-1 -> -1), very quick
A: beak, talons 3, rugged brown scales 1, yellow scales 1, clumsy 1, wild magic
1
a: no special abilities


You were on level 2 of the Dungeon.
You were not hungry.

You visited 1 branch of the dungeon, and saw 2 of its levels.

You collected 45 gold pieces.

Inventory:

Hand Weapons
 k - a +1 dagger of draining (weapon)
Armour
 a - a +0 robe (worn)
 h - a +0 buckler of protection
 j - a +0 pair of gloves (worn)
Scrolls
 e - a scroll of teleportation {unknown}
 i - a scroll of enchant armour {unknown}
Books
 b - a book of Air

   Spells                             Type                      Level
   a - Shock                          Conjuration/Air              1
   b - Swiftness                      Charms/Air                   2
   c - Static Discharge               Conjuration/Air              3
   d - Airstrike                      Air                          4
   e - Lightning Bolt                 Conjuration/Air              5
Comestibles
 c - a bread ration
 g - a royal jelly


   Skills:
 - Level 2.1 Dodging
 - Level 2.0 Stealth
 + Level 4.0 Spellcasting
 - Level 1.3 Conjurations
 - Level 4.0 Air Magic


You had 8 spell levels left.
You knew the following spells:

 Your Spells              Type           Power        Failure   Level  Hunger
a - Shock                 Conj/Air       ###.         9%          1    None
b - Swiftness             Chrm/Air       ##......     16%         2    ##.....


Dungeon Overview and Level Annotations

Branches:
Dungeon (2/15)

Altars:


Innate Abilities, Weirdness & Mutations

You have a beak for a mouth.
You have claws for feet.
You are partially covered in rugged brown scales. (AC +1, +3% HP)
You are partially covered in yellow scales. (AC +2)
You are clumsy. (Dex -2)
Your spells are a little harder to cast, but a little more powerful.


Message History

Hyu miss de adder.
You kick misses de adder. You peck misses de adder.
De adder iz moderately vounded.
De adder bites hyu.
* * * LOW HITPOINT VARNINK * * *
It vas a potion uf mutation.
Hyu feel hekstremely schtrange.
Rugged brown scales grow over part uf you body.
Yellow scales grow over part uf you body.
Hyu feel klumsy.
Hyu feel less in kontrol uf you magic.
De adder bites hyu.
* * * LOW HITPOINT VARNINK * * *
De adder klosely misses hyu.
It vas a potion uf kancellation.
Hyu feel magically purged.
* * * LOW HITPOINT VARNINK * * *
Hyu feel sick.
De hobgoblin klosely misses hyu.
De goblin misses hyu.
De adder barely misses hyu.
It vas a potion uf berserk rage.
A red film seems to kover you vision as hyu go berserk!
Hyu feel youself movink faster!
Hyu feel mighty!
De leopard gecko klosely misses hyu.
De adder bites hyu.
Hyu die...

##### ##################
(.... #.................
.....##...###......#####
...........#........##..
.........#.#...##...#...
.........#...♣####♣...♣#
.........'.♣♣♣ ♣♣♣♣♣♣
#.....g@.#♣♣ ♣
###...gSl♣ . ...####'#♣
... . #))).♣ .... #g##♣♣
♣..♣ #)# .P♣P . #l#
gg..####g# .g.g.g..g#


You could see an adder, a leopard gecko, a hobgoblin and a goblin.

Vanquished Creatures
  Robin (D:2)
  2 adders (D:2)
  A dart slug (D:2)
  A leopard gecko (D:2)
  A giant cockroach (D:1)
  13 goblins
  5 hobgoblins
  6 bats
  5 rats
35 creatures vanquished.

Notes
Turn   | Place    | Note
-------+----------+-------------------------------------------
     0 | D:1      | Gottschkopf the Tengu Air Elementalist began the quest for the Orb.
     0 | D:1      | Reached XP level 1. HP: 10/10 MP: 4/4
   423 | D:1      | Reached XP level 2. HP: 15/15 MP: 3/6
   455 | D:1      | Learned a level 2 spell: Swiftness
  1109 | D:2      | Reached XP level 3. HP: 19/19 MP: 1/8
  1373 | D:2      | Noticed Robin
  1401 | D:2      | Killed Robin
  1401 | D:2      | Reached XP level 4. HP: 14/24 MP: 0/11
  1414 | D:2      | Gained mutation: You are partially covered in rugged brown scales. (AC +1, +3% HP) [potion of mutation]
  1414 | D:2      | Gained mutation: You are partially covered in yellow scales. (AC +2) [potion of mutation]
  1414 | D:2      | Gained mutation: You are clumsy. (Dex -2) [potion of mutation]
  1414 | D:2      | Gained mutation: Your spells are a little harder to cast, but a little more powerful. [potion of mutation]
  1415 | D:2      | HP: 1/24 [poisoned by an adder]
  1416 | D:2      | Slain by an adder

Skill      XL: |  1  2  3 |
---------------+----------+-----
Spellcasting   | 3 4 |  4.0
Dodging        | |  2.1
Stealth        | |  2.0
Conjurations   | |  1.3
Air Magic      | |  4.0

Action                   |  1- 3 |  4- 6 || total
-------------------------+-------+-------++-------
Melee: Unarmed           |    17 |       ||    17
       Kick              |     5 |     1 ||     6
       Dagger            |     6 |     6 ||    12
 Cast: Shock             |    69 |     2 ||    71
  Use: Potion            |       |     3 ||     3
  Eat: Chunk             |     2 |       ||     2
Armor: Robe              |    17 |     1 ||    18
Dodge: Dodged            |    49 |     9 ||    58
